Cogmind - Beta 10.2 @@@ ROGUE MODE // 2021.03.11 @ 15:43:23 Player: Exp. Geonium Core Result: Destroyed by S-27 Virus with Autogun Performance ------------- Evolutions (4) 2000 Regions Visited (7) 1400 Robots Destroyed (23) 115 Value Destroyed (620) 620 Prototype IDs (0) 0 Alien Tech Used (0) 0 Bonus (0) 0 TOTAL SCORE: 4135 Bonus ------- None Cogmind --------- Core Integrity 0/850 Matter 222/300 Energy 100/100 System Corruption 0% Temperature Cool (0) Movement Core (50) Location -6/Factory Parts ------- > --- POWER (1) -------- (None) > --- PROPULSION (2) --- (None) > --- UTILITY (10) ----- Hacking Suite > --- WEAPON (2) ------- (None) > --- INVENTORY (4) ---- Advanced Powered Armor Peak State ------------ > --- POWER ------------ (None) > --- PROPULSION ------- Wheel Compact Wheel > --- UTILITY ---------- Long-range Sensor Array Improved Signal Interpreter Core Analyzer Core Analyzer Hacking Suite Hacking Suite Hacking Suite Hacking Suite System Shield > --- WEAPON ----------- Great Axe > --- INVENTORY -------- Long-range Sensor Array Great Axe [Rating: 35] Favorites ----------- Power None Propulsion Wheel Wheel Wheel Utility Improved Signal Interpreter Device Long-range Sensor Array Processor Improved Signal Interpreter Hackware Hacking Suite Weapon Great Axe Ballistic Gun Light Assault Rifle Slashing Weapon Great Axe Build | -11 -10 -9 -8 -7 -6 -6 -6 ------- Run | Scr Mat Mat Mat Fac Fac Was Fac Slots Evolved 8 | . . 2 2 2 2 . . Power . | . . . . . . . . Propulsion . | . . . . . . . . Utility 8 | . . 2 2 2 2 . . Weapon . | . . . . . . . . Parts Attached 39 | . 2 . 9 21 6 . 1 Power . | . . . . . . . . Engine . | . . . . . . . . Core . | . . . . . . . . Reactor . | . . . . . . . . Propulsion 4 | . . . . 4 . . . Treads . | . . . . . . . . Leg . | . . . . . . . . Wheel 4 | . . . . 4 . . . Hover . | . . . . . . . . Flight . | . . . . . . . . Utility 18 | . 2 . 4 10 2 . . Device 6 | . . . 1 3 2 . . Storage . | . . . . . . . . Processor 7 | . 2 . 3 2 . . . Hackware 5 | . . . . 5 . . . Protection . | . . . . . . . . Artifact . | . . . . . . . . Weapon 17 | . . . 5 7 4 . 1 Energy Gun . | . . . . . . . . Energy Cannon . | . . . . . . . . Ballistic Gun 5 | . . . 4 1 . . . Ballistic Cannon . | . . . . . . . . Launcher . | . . . . . . . . Special Weapon . | . . . . . . . . Impact Weapon . | . . . . . . . . Slashing Weapon 12 | . . . 1 6 4 . 1 Piercing Weapon . | . . . . . . . . Special Melee Weapon . | . . . . . . . . Unidentified Prototypes . | . . . . . . . . Parts Lost 22 | . . . 3 6 11 . 2 Power . | . . . . . . . . Propulsion 4 | . . . . 2 2 . . Utility 12 | . . . 1 2 8 . 1 Weapon 6 | . . . 2 2 1 . 1 Highest Loss Streak 7 | . . . 1 4 7 . 2 Average Slot Usage (%) 47 | . 22 22 21 54 62 13 16 Wheel 7 | . . . . 11 8 . . Device 3 | . . . 1 3 4 . . Processor 22 | . 22 22 6 29 18 . . Hackware 9 | . . . . 6 27 13 13 Ballistic Gun 1 | . . . 13 . . . . Slashing Weapon 1 | . . . . 1 3 . 3 Naked Turns 38 | . 23 . 15 . . . . Heaviest Build 10 | . . . 6 10 6 . 4 Greatest Support 3 | 3 3 3 3 3 3 3 3 Greatest Overweight (x) 3 | . . . 1 3 1 . 1 Average Overweight (x) . | . . . . . . . . Largest Inventory Capacity 4 | 4 4 4 4 4 4 4 4 Average Capacity 4 | 4 4 4 4 4 4 4 4 Most Carried 4 | . . . 4 4 4 2 2 Average Carried 2 | . . . 1 3 2 1 1 Final Capacity 4 | 4 4 4 4 4 4 4 4 Final Carried 4 | . . . 4 3 1 2 1 Class Distribution -------------------- 62% | Mutant 37% | Hacker-Mutant Dominant Class ---------------- Mutant | -10/Materials Mutant | -9/Materials Mutant | -8/Materials Mutant | -7/Factory Hacker-Mutant | -6/Factory Hacker-Mutant | -6/Waste Mutant | -6/Factory Resources | -11 -10 -9 -8 -7 -6 -6 -6 ----------- Run | Scr Mat Mat Mat Fac Fac Was Fac Matter Collected 426 | 54 . . 78 294 . . . Remotely . | . . . . . . . . Salvage Created 761 | . 26 . 111 518 84 . 22 Parts 49 | . 1 . 12 31 3 . 2 Haulers Intercepted . | . . . . . . . . Recyclers Shooed . | . . . . . . . . Parts Field Recycled . | . . . . . . . . Retrieved Matter . | . . . . . . . . Parts Self-Destructed . | . . . . . . . . Prevented . | . . . . . . . . Kills | -11 -10 -9 -8 -7 -6 -6 -6 ------- Run | Scr Mat Mat Mat Fac Fac Was Fac Combat Hostiles Destroyed 20 | . . . 7 10 2 . 1 Melee 12 | . . . . 10 1 . 1 Guns 7 | . . . 7 . . . . AOE 1 | . . . . . 1 . . Classes Destroyed 6 | . 1 . 1 4 . . . Worker 2 | . 1 . . 1 . . . Recycler 1 | . . . . 1 . . . Swarmer 14 | . . . 7 5 1 . 1 Grunt 4 | . . . . 3 1 . . Sentry 1 | . . . . 1 . . . Hunter 1 | . . . . 1 . . . Best Kill Streak 7 | . 1 . 4 7 1 . 1 Combat Bots Only 6 | . . . 4 6 1 . 1 Max Kills in Single Turn 1 | . 1 . 1 1 1 . 1 Gunslinging . | . . . . . . . . Exploded 1 | . . . . . 1 . . Melee 1 | . . . . 1 1 . 1 Uniques/NPCs Destroyed . | . . . . . . . . Combat | -11 -10 -9 -8 -7 -6 -6 -6 -------- Run | Scr Mat Mat Mat Fac Fac Was Fac Damage Taken 2773 | . 215 19 640 757 920 . 222 Core 1931 | . 196 19 374 491 675 . 176 Absorbed by Shields . | . . . . . . . . Core Remaining (%) 55 | 100 21 95 32 29 . . . Volleys Fired 27 | . . . 27 . . . . Largest 2 | . . . 2 . . . . Hottest 40 | . . . 40 . . . . Shots Fired 43 | . . . 43 . . . . Gun 43 | . . . 43 . . . . Cannon . | . . . . . . . . Launcher . | . . . . . . . . Special . | . . . . . . . . Kinetic 43 | . . . 43 . . . . Thermal . | . . . . . . . . Explosive . | . . . . . . . . Electromagnetic . | . . . . . . . . Robot Hit Streak 5 | . . . 5 . . . . Robot Miss Streak 4 | . . . 4 . . . . Penetration Max . | . . . . . . . . Secondary Targets . | . . . . . . . . Shots Hit Robots 49 | . . . 24 18 6 . 1 Core Hits 35 | . 1 . 10 20 2 . 2 Critical Hits . | . . . . . . . . Critical Kills . | . . . . . . . . Critical Parts Destroyed . | . . . . . . . . Melee Attacks 78 | . . . 3 31 40 . 4 Impact . | . . . . . . . . Slashing 78 | . . . 3 31 40 . 4 Piercing . | . . . . . . . . Sneak Attacks 1 | . . . . 1 . . . Combat Hostiles . | . . . . . . . . Follow-up Attacks 4 | . . . . 4 . . . Damage Inflicted 1629 | . 12 . 165 798 607 . 47 Guns 165 | . . . 165 . . . . Cannons . | . . . . . . . . Explosions 368 | . . . . . 368 . . Melee 1057 | . . . . 775 239 . 43 Ramming 39 | . 12 . . 23 . . 4 Kinetic 165 | . . . 165 . . . . Thermal 368 | . . . . . 368 . . Explosive . | . . . . . . . . Electromagnetic . | . . . . . . . . Impact . | . . . . . . . . Slashing 1057 | . . . . 775 239 . 43 Piercing . | . . . . . . . . Highest Corruption 2 | . 2 . . 1 . . . Average Corruption 1 | . 2 . . 1 . . . Corruption Purged . | . . . . . . . . Effects 2 | . 1 . . 1 . . . Message Errors 2 | . 1 . . 1 . . . Overload Shots . | . . . . . . . . Overflow Damage 269 | . . . . 23 246 . . Projectiles . | . . . . . . . . Explosions 246 | . . . . . 246 . . Melee 23 | . . . . 23 . . . Knockbacks . | . . . . . . . . Impact . | . . . . . . . . Kinetic . | . . . . . . . . Secondary . | . . . . . . . . Self-Inflicted Damage 205 | . 6 . . 10 187 . 2 Shots 2 | . . . . . 2 . . Rammed 10 | . 1 . 1 7 . . 1 Targets Rammed 10 | . 1 . 1 7 . . 1 Kicked . | . . . . . . . . Crushed . | . . . . . . . . Highest Temperature . | . . . . . . . . Average Temperature . | . . . . . . . . Received Heat Transfer 252 | . 30 6 36 126 54 . . Siege Activations . | . . . . . . . . Robots Corrupted . | . . . . . . . . Combat Hostiles . | . . . . . . . . Parts Fried . | . . . . . . . . Impact Corruptions . | . . . . . . . . Robots Melted . | . . . . . . . . Combat Hostiles . | . . . . . . . . Parts Melted . | . . . . . . . . Heat Transferred 200 | . . . . . 200 . . Parts Sabotaged . | . . . . . . . . Parts Stolen . | . . . . . . . . Parts Stripped . | . . . . . . . . Power Chain Reactions . | . . . . . . . . Missiles Intercepted . | . . . . . . . . Alert | -11 -10 -9 -8 -7 -6 -6 -6 ------- Run | Scr Mat Mat Mat Fac Fac Was Fac Peak Influence 315 | . 89 52 244 315 193 67 103 Initial 110 | . . 37 21 110 14 67 46 Average 114 | . 24 39 115 165 41 67 65 Maximum Alert Level 1 | . . . 1 1 . . . Low Security (%) 81 | 100 100 100 92 66 100 100 100 Level 1 18 | . . . 7 33 . . . Level 2 . | . . . . . . . . Level 3 . | . . . . . . . . Level 4 . | . . . . . . . . Level 5 . | . . . . . . . . High Security . | . . . . . . . . Max Security . | . . . . . . . . Squads Dispatched 9 | . 1 . 2 3 3 . . Investigation 4 | . . . 2 1 1 . . Extermination 2 | . . . . 1 1 . . Reinforcement 3 | . 1 . . 1 1 . . Assault . | . . . . . . . . Garrison . | . . . . . . . . Intercept . | . . . . . . . . Construction Impeded . | . . . . . . . . Haulers Reinforced . | . . . . . . . . Stealth | -11 -10 -9 -8 -7 -6 -6 -6 --------- Run | Scr Mat Mat Mat Fac Fac Was Fac Distress Signals 2 | . . . . 2 . . . Communications Jammed 6 | . . . 6 . . . . Distress Signals 6 | . . . 6 . . . . Times Spotted 76 | . 10 5 12 24 13 5 7 Peak Tracking Total 8 | . 8 2 5 5 6 5 4 Tactical Retreats 8 | . 1 . . 5 1 . 1 Traps | -11 -10 -9 -8 -7 -6 -6 -6 ------- Run | Scr Mat Mat Mat Fac Fac Was Fac Traps Triggered 5 | . 1 . 1 1 2 . . Indirectly . | . . . . . . . . Trap Hack Attempts . | . . . . . . . . Triggered . | . . . . . . . . Disarmed . | . . . . . . . . Reprogrammed . | . . . . . . . . Reused . | . . . . . . . . Traps Extracted . | . . . . . . . . Installed . | . . . . . . . . Triggered . | . . . . . . . . Machines | -11 -10 -9 -8 -7 -6 -6 -6 ---------- Run | Scr Mat Mat Mat Fac Fac Was Fac Machines Disabled 5 | . . . . . 5 . . Max in Single Turn 5 | . . . . . 5 . . Machines Sabotaged . | . . . . . . . . Garrisons Compromised . | . . . . . . . . Overloaded Fab Kills . | . . . . . . . . Fab Network Shutdowns . | . . . . . . . . Hacking | -11 -10 -9 -8 -7 -6 -6 -6 --------- Run | Scr Mat Mat Mat Fac Fac Was Fac Machines Accessed 17 | . 2 . 3 4 7 . 1 Terminals 16 | . 2 . 3 3 7 . 1 Fabricators 1 | . . . . 1 . . . Repair Stations . | . . . . . . . . Recycling Units . | . . . . . . . . Scanalyzers . | . . . . . . . . Garrison Access . | . . . . . . . . Total Hacks 51 | . 5 . 9 14 20 . 3 Successful 26 | . 1 . 3 8 14 . . Failed 25 | . 4 . 6 6 6 . 3 Catastrophic 6 | . . . 2 1 2 . 1 Database Lockouts . | . . . . . . . . Manual 42 | . 5 . 9 6 19 . 3 Terminals 45 | . 5 . 9 8 20 . 3 Fabricators 6 | . . . . 6 . . . Repair Stations . | . . . . . . . . Recycling Units . | . . . . . . . . Scanalyzers . | . . . . . . . . Garrison Access . | . . . . . . . . Terminal Hacks 12 | . 1 . 2 3 6 . . Record 1 | . . . . . 1 . . Part Schematic 4 | . . . 1 . 3 . . Level Access Points 3 | . 1 . 1 1 . . . Branch Access Points 1 | . . . . . 1 . . Terminal Index 1 | . . . . . 1 . . Unreport Threat 1 | . . . . 1 . . . Zone Layout 1 | . . . . 1 . . . Fabricator Hacks 5 | . . . . 5 . . . Load Schematic 1 | . . . . 1 . . . Build 4 | . . . . 4 . . . Repair Station Hacks . | . . . . . . . . Recycling Unit Hacks . | . . . . . . . . Scanalyzer . | . . . . . . . . Garrison Access Hacks . | . . . . . . . . Unauthorized Hacks 9 | . . . 1 . 8 . . Terminals 9 | . . . 1 . 8 . . Botnet 7 | . . . 1 . 6 . . Operators 2 | . . . . . 2 . . Fabricators . | . . . . . . . . Repair Stations . | . . . . . . . . Recycling Units . | . . . . . . . . Scanalyzers . | . . . . . . . . Garrison Access . | . . . . . . . . Data Cores Recovered . | . . . . . . . . Used . | . . . . . . . . Hacking Detections 15 | . 2 . 3 3 6 . 1 Full Trace Events 3 | . . . 2 1 . . . Feedback Events 1 | . . . . 1 . . . Corruption 1 | . . . . 1 . . . Feedback Blocked . | . . . . . . . . Robot Schematics Acquired . | . . . . . . . . Robots Built . | . . . . . . . . Matter . | . . . . . . . . Time . | . . . . . . . . Total Robot Build Rating . | . . . . . . . . Part Schematics Acquired 4 | . . . 1 . 3 . . Parts Built 4 | . . . . 4 . . . Matter 584 | . . . . 584 . . . Time 292 | . . . . 292 . . . Total Part Build Rating 12 | . . . . 12 . . . Parts Repaired . | . . . . . . . . Time . | . . . . . . . . Parts Recycled . | . . . . . . . . Recycled Matter . | . . . . . . . . Retrieved Matter . | . . . . . . . . Retrieved Components . | . . . . . . . . Parts Scanalyzed . | . . . . . . . . Part Schematics Acquired . | . . . . . . . . Parts Damaged . | . . . . . . . . Bothacking | -11 -10 -9 -8 -7 -6 -6 -6 ------------ Run | Scr Mat Mat Mat Fac Fac Was Fac Used RIF Installer . | . . . . . . . . Robots Hacked . | . . . . . . . . Non-combat . | . . . . . . . . Combat . | . . . . . . . . Robot Hacks Applied . | . . . . . . . . Relay Couplers Released . | . . . . . . . . Robots Rewired . | . . . . . . . . Allies Hacked . | . . . . . . . . Hacks Repelled . | . . . . . . . . Allies | -11 -10 -9 -8 -7 -6 -6 -6 -------- Run | Scr Mat Mat Mat Fac Fac Was Fac Total Allies . | . . . . . . . . Largest Group . | . . . . . . . . Highest-Rated Group . | . . . . . . . . Highest-Rated Ally . | . . . . . . . . Total Orders . | . . . . . . . . Ally Attacks . | . . . . . . . . Total Damage . | . . . . . . . . Kills . | . . . . . . . . Allies Corrupted . | . . . . . . . . Allies Melted . | . . . . . . . . Intel | -11 -10 -9 -8 -7 -6 -6 -6 ------- Run | Scr Mat Mat Mat Fac Fac Was Fac Robot Analysis Total . | . . . . . . . . Derelict Logs Recovered . | . . . . . . . . Drone Launches . | . . . . . . . . Drone Recoveries . | . . . . . . . . Exploration | -11 -10 -9 -8 -7 -6 -6 -6 ------------- Run | Scr Mat Mat Mat Fac Fac Was Fac Turns Passed 1758 | 10 105 48 230 900 381 41 43 Spaces Moved 1926 | 20 201 95 266 866 345 79 54 Core 1926 | 20 201 95 266 866 345 79 54 Treads . | . . . . . . . . Legs . | . . . . . . . . Wheels . | . . . . . . . . Hover . | . . . . . . . . Flight . | . . . . . . . . Fastest Speed 50 | 50 50 50 50 50 50 50 50 Average Speed 54 | 50 50 50 50 51 67 50 52 Slowest Speed 200 | 50 50 50 100 200 100 50 100 Overloaded Moves . | . . . . . . . . Propulsion Burnouts . | . . . . . . . . Robots Hopped . | . . . . . . . . Cave-ins Triggered . | . . . . . . . . Exploration Rate (%) 27 | 3 48 18 32 28 17 69 3 Regions Visited 7 Branch Regions . Pre-discovered Areas . | . . . . . . . . Known Exits Taken 3 | . 1 . 1 1 . . . Unknown Exits Taken 2 | 1 . 1 . . . . . Scrap Searched . | . . . . . . . . Spaces Dug 33 | . . . 3 1 27 . 2 Terrain Destroyed 83 | . . . 3 1 77 . 2 Melee 33 | . . . 3 1 27 . 2 Projectile . | . . . . . . . . AOE 50 | . . . . . 50 . . Terrain Rammed . | . . . . . . . . Walls Destroyed . | . . . . . . . . Machines Disabled . | . . . . . . . . Actions | -11 -10 -9 -8 -7 -6 -6 -6 --------- Run | Scr Mat Mat Mat Fac Fac Was Fac Total 2468 | 19 203 94 316 1271 425 79 61 Wait 365 | . . . 7 327 30 . 1 Move 1920 | 19 200 94 265 865 345 78 54 Hop . | . . . . . . . . Pick Up 6 | . . . 4 1 . 1 . Fast Attach 21 | . 2 . 8 11 . . . Attach 17 | . . . . 10 6 . 1 Detach 12 | . . . . 8 4 . . Swap 1 | . . . 1 . . . . Drop 2 | . . . . 2 . . . Fire 27 | . . . 27 . . . . Melee 72 | . . . 3 25 40 . 4 Ram 10 | . 1 . 1 7 . . 1 Kick . | . . . . . . . . Crush . | . . . . . . . . Escape Stasis 15 | . . . . 15 . . . Rewire . | . . . . . . . . Trap . | . . . . . . . . Miscellaneous . | . . . . . . . . Route ------- -11/Scrapyard -10/Materials (discovered 3 exits: *Mat x3) -9/Materials (discovered 2 exits: *Mat / [*Min]) -8/Materials (discovered 3 exits: *Fac x3) -7/Factory (discovered 5 exits: *Fac x4 / *Low) -6/Factory (discovered 2 exits: Low x2) -6/Waste -6/Factory History --------- Turn | Location | Event 4 | -11/Scrapyard | Discovered new exit (range 13) 11 | -11/Scrapyard | Entered Materials 91 | -10/Materials | Identified exit to Materials 112 | -10/Materials | Core integrity fell below 50% 116 | -10/Materials | Entered another Materials area 116 | -9/Materials | Evolved 2 slots: Utility x2 146 | -9/Materials | Discovered new exit (range 8) 157 | -9/Materials | Discovered new exit (range 15) 164 | -9/Materials | Entered another Materials area 164 | -8/Materials | Evolved 2 slots: Utility x2 277 | -8/Materials | Core integrity fell below 50% 305 | -8/Materials | Build established: Mutant 373 | -8/Materials | Identified exit to Factory 394 | -8/Materials | Entered Factory 394 | -7/Factory | Evolved 2 slots: Utility x2 718 | -7/Factory | Core integrity fell below 50% 754 | -7/Factory | Lost 4 parts (2n2u) 967 | -7/Factory | Fabricated Hacking Suite? 1016 | -7/Factory | Discovered new exit (range 15) 1071 | -7/Factory | Fabricated Hacking Suite (x1) 1146 | -7/Factory | Fabricated Hacking Suite (x1) 1221 | -7/Factory | Fabricated Hacking Suite? 1259 | -7/Factory | Identified exit to Lower Caves 1263 | -7/Factory | Identified exit to Factory 1294 | -7/Factory | Entered another Factory area 1294 | -6/Factory | Evolved 2 slots: Utility x2 1357 | -6/Factory | Build established: Hacker-Mutant 1433 | -6/Factory | Identified exit to Lower Caves 1493 | -6/Factory | Spotted B-75 Beast 1615 | -6/Factory | Lost 7 parts (2n5u) 1661 | -6/Factory | Core integrity fell below 50% 1675 | -6/Factory | Sucked down chute 1675 | -6/Factory | Entered Waste 1678 | -6/Waste | Spotted C-40 Crusher 1680 | -6/Waste | Spotted C-40 Crusher 1687 | -6/Waste | Spotted C-40 Crusher 1687 | -6/Waste | Spotted C-40 Crusher 1692 | -6/Waste | Spotted C-40 Crusher 1698 | -6/Waste | Lost 4 parts (3u1w) 1706 | -6/Waste | Discovered new exit (range 11) 1713 | -6/Waste | Found Broken Adv. Powered Armor 1716 | -6/Waste | Entered Factory 1727 | -6/Factory | Core integrity fell below 20% 1759 | -6/Factory | Destroyed by S-27 Virus with Autogun Last Messages --------------- 01674_ C-30 ARC bursts open, deploying its payload. 01674_ L-41 Fighter unfolds itself. 01674_ G-50 Soldier unfolds itself. 01675_ Triggered Chute Trap. 01675_ A hatch slides open and sucks a vortex of air into the floor. LOCATION=UNKNOWN GOAL=ESCAPE 01706_ EXIT=FOUND 01713_ Acquired Broken Adv. Powered Armor. LOCATION=UNKNOWN GOAL=ESCAPE 01734_ Connecting with Terminal... 01734_ Current location identified: Factory 01746_ K-01 Serf collects debris. 01746_ S-27 Virus destroyed. 01750_ K-01 Serf collects debris. 01751_ Great Axe destroyed. 01751_ Hacking Suite destroyed. 01752_ K-01 Serf collects debris. 01758_ Slammed into S-27 Virus. Map ----- +----------------------------------------------------+ | ???????????????# """" """" """" ?#??? | | ???????????????# """" """" """" #??? | | ???????????????# """" """" """" ???? | | ??############## ????? | | ??# # ??????? | | ??# # #???????? | | ??# """" """" # #???????? | | ??# """" """" # #???????? | | ??# """" """" # #???????? | | ??# """" """" + #???????? | | ??# # #???????? | | ??# """" # #???????? | | ??# """" # #####+####???????? | | ??# """" # #?? ?????????? | | ??# ""T"" """" # # """" ???????? | | ?## """"" # # ""S"" #??????? | | ?#;############# # "" "" #??????? | | ###%############ # #??????? | | # =*s # # #??????? | | # # # #??????? | | # # #? #??????? | | # # #?#####?###??????? | | # + #????????????????? | | # k# #????????????????? | | # s# #????????????????? | | # @s #????????????????? | | ##################+###????????????????? | | ??????????????????????????????????????? | | ??????????????????????????????????????? | | ??????????????????????????????????????? | | ??????????????????????????????????????? | | ??????????????????????????????????????? | | ??????????????????????????????????????? | | ??????????????????????????????????????? | | ??????????????????????????????????????? | | ??????????????????????????????????????? | | ??????????????????????????????????????? | | ??????????????????????????????????????? | | ??????????????????????????????????????? | | ??????????????????????????????????????? | | | | | | | | | | | | | | | | | | | | | +----------------------------------------------------+ Best States ------------- Heat Dissipation 37 Energy Generation 5 Energy Capacity 100 Matter Stores 300 Matter Capacity 300 Sight Range 16 Robot Scan Range 20 Terrain Scan Density 10 Jamming Range 8 Evasion (%) 50 Targeting Accuracy 12 Target Analysis 5 Core Analysis 6 Offensive Hacking 40 Defensive Hacking 10 Item Schematics ----------------- Hacking Suite | -8/Materials | Hacked Imp. Hacking Suite | -6/Factory | Hacked Imp. System Shield | -6/Factory | Hacked Arm. Wheel | -6/Factory | Hacked Robot Schematics ------------------ None Fabricated ------------ Hacking Suite | x1 | -7/Factory Hacking Suite | x1 | -7/Factory Hacking Suite | x1 | -7/Factory Hacking Suite | x1 | -7/Factory Alien Tech Used ----------------- None Achievements -------------- None Challenges ------------ None Game ------ Seed TractorUtilitySuperbattery Manual? 0 Play Time 00:28:29 Cumulative 54.3 hours Start 2021.03.11 @ 15:10:56 End 2021.03.11 @ 15:43:23 Sessions 1 Manual Loads 0 Difficulty Rogue Special Mode None Game No. 91 Rogue 91 Adventurer 0 Explorer 0 Win Type - Total 1 Types 1/0/0/0/0/0/0/0/0 Lore% 36 Gallery% 50 Achievement% 42 Wizard Run 0 Options --------- ASCII 0 Keyboard 0 Movement Numpad Keybinds 0 Fullscreen 1 Font 18/Terminus Map View 76x50 Tactical HUD 1 Map Filters NONE Filters NONE Steam 1 RUN: 34b98996-0d8e-40c0-b9fa-bd956ce1d9e4